Map: [ESL] Moondance

Players

Astrea

  • Race: Protoss Protoss
  • Spawn Location: 6:00

Neeb - Winner!

  • Race: Protoss Protoss
  • Spawn Location: 12:00

Event: DreamHack SC2 Masters 2022 Atlanta (Online)

VOD

Have the link to the VOD?

Description

Time

  • Played on: Oct. 16, 2022, 5:02 p.m.
  • Length: 10:32

All games in this series

Show
View Real Time Build Order
Export as new Build Order

Astrea Protoss 

Build Orders: Archon Immortal 

Get SALT Encoding   

  12  0:00  Probe  
  13  0:12  Probe  
  14  0:24  Probe  
  15  0:31  Pylon  
  15  0:46  Assimilator  
  15  0:49  Probe (Chrono Boost)  
  16  0:51  Gateway  
  16  0:56  Assimilator  
  16  1:00  Probe (Chrono Boost)  
  17  1:05  Probe (Chrono Boost)  
  18  1:15  Probe  
  19  1:27  Probe  
  20  1:39  Cybernetics Core, Probe  
  21  1:50  Nexus  
  21  1:53  Probe  
  22  2:05  Probe  
  22  2:06  Pylon  
  23  2:14  Warp Gate (Chrono Boost)  
  23  2:21  Stalker (Chrono Boost)  
  23  2:24  Probe  
  26  2:35  Pylon  
  26  2:36  Probe  
  26  2:45  Sentry  
  26  2:48  Probe  
  28  2:55  Gateway x2  
  28  3:00  Probe  
  28  3:04  Probe  
  30  3:11  Stalker  
  30  3:12  Probe  
  33  3:16  Probe  
  34  3:20  Shield Battery  
  34  3:24  Probe  
  34  3:28  Probe  
  35  3:36  Probe  
  35  3:39  Assimilator  
  35  3:40  Probe  
  37  3:45  Shield Battery  
  37  3:48  Probe  
  38  3:57  Stalker x2  
  38  3:58  Probe  
  38  4:00  Probe  
  44  4:09  Stalker  
  44  4:10  Pylon  
  46  4:22  Nexus  
  44  4:25  Probe x2  
  44  4:29  Robotics Facility  
  46  4:32  Assimilator  
  46  4:37  Probe  
  47  4:38  Stalker  
  47  4:42  Stalker  
  47  4:45  Probe  
  52  4:50  Pylon  
  52  4:51  Adept  
  54  5:00  Pylon  
  54  5:08  Probe x2  
  54  5:12  Sentry  
  58  5:14  Immortal (Chrono Boost)  
  58  5:20  Probe, Pylon  
  63  5:21  Probe  
  64  5:32  Probe  
  66  5:35  Probe, Pylon  
  66  5:39  Stalker x2  
  66  5:40  Stalker  
  59  5:58  Probe  
  59  6:00  Immortal (Chrono Boost)  
  59  6:01  Probe (Chrono Boost)  
  59  6:04  Probe (Chrono Boost)  
  59  6:09  Stalker  
  59  6:10  Probe (Chrono Boost)  
  61  6:13  Probe (Chrono Boost)  
  63  6:19  Probe (Chrono Boost)  
  63  6:21  Probe x2 (Chrono Boost)  
  63  6:24  Probe (Chrono Boost)  
  65  6:28  Probe  
  65  6:30  Probe, Forge  
  65  6:31  Twilight Council  
  68  6:34  Observer (Chrono Boost), Probe  
  70  6:40  Probe  
  70  6:42  Probe  
  72  6:50  Charge, Gateway x2  
  72  6:52  Warp Prism (Chrono Boost)  
  72  6:53  Gateway  
  74  6:57  Protoss Ground Weapons Level 1 (Chrono Boost), Probe  
  75  7:04  Probe  
  75  7:06  Assimilator  
  76  7:13  Phoenix  
  76  7:16  Zealot  
  76  7:17  Zealot x2  
  76  7:21  Nexus  
  82  7:25  Pylon  
  81  7:30  Pylon  
  81  7:39  Zealot x2  
  81  7:40  Zealot  
  81  7:42  Immortal, Pylon  
  81  7:44  Probe x3  
  94  7:51  Zealot x3  
  94  7:56  Probe x3  
  103  8:03  Templar Archives  
  103  8:04  Zealot x2  
  107  8:08  Shield Battery  
  107  8:09  Probe  
  107  8:12  Zealot  
  110  8:13  Probe  
  112  8:20  Probe  
  112  8:21  Probe  
  112  8:25  Probe  
  114  8:32  Zealot x6  
  126  8:35  Probe x3  
  126  8:38  Probe  
  128  8:43  Pylon  
  128  8:53  Gateway  
  128  8:54  Zealot x4, Gateway  
  128  8:55  Zealot  
  132  9:01  Zealot x6  
  118  9:04  Shield Battery  
  118  9:06  Shield Battery  
  102  9:10  Immortal (Chrono Boost)  
  94  9:22  High Templar x2  
  94  9:23  High Templar x4  
  102  9:29  Archon x3  
  98  9:33  Pylon  
  98  9:38  Immortal (Chrono Boost), Pylon  
  99  9:51  Zealot x2  
  103  9:55  Zealot  
  103  9:56  Zealot x5  
  81  10:16  Zealot x7  
  81  10:19  Zealot  
Show
View Real Time Build Order
Export as new Build Order

Neeb Protoss - Winner!

Build Orders: Archon Immortal 

Get SALT Encoding   

  12  0:00  Probe  
  13  0:12  Probe  
  14  0:17  Pylon  
  14  0:24  Probe  
  15  0:36  Gateway  
  15  0:38  Probe (Chrono Boost)  
  17  0:50  Probe (Chrono Boost), Assimilator  
  17  0:54  Assimilator  
  17  0:56  Probe (Chrono Boost)  
  18  1:04  Probe (Chrono Boost)  
  19  1:15  Probe (Chrono Boost)  
  19  1:17  Pylon  
  20  1:19  Probe (Chrono Boost)  
  20  1:25  Cybernetics Core  
  21  1:30  Probe  
  22  1:35  Pylon  
  22  1:42  Probe  
  22  1:44  Zealot (Chrono Boost)  
  25  1:54  Probe  
  26  2:04  Warp Gate  
  26  2:07  Probe  
  27  2:08  Stalker (Chrono Boost)  
  27  2:13  Pylon  
  29  2:19  Probe  
  30  2:31  Probe, Stalker  
  33  2:50  Nexus  
  34  2:54  Robotics Facility  
  33  3:05  Probe  
  33  3:08  Assimilator  
  33  3:09  Stalker  
  36  3:15  Shield Battery  
  36  3:18  Probe  
  37  3:26  Pylon  
  37  3:30  Probe  
  38  3:42  Probe  
  39  3:51  Immortal (Chrono Boost)  
  39  3:54  Probe  
  42  4:03  Probe  
  42  4:06  Probe, Stalker  
  44  4:11  Gateway  
  44  4:15  Probe  
  45  4:19  Probe  
  46  4:25  Immortal (Chrono Boost)  
  46  4:28  Probe  
  51  4:33  Pylon  
  51  4:36  Probe  
  50  4:40  Stalker  
  50  4:45  Probe  
  53  4:48  Probe  
  54  4:53  Warp Prism (Chrono Boost)  
  54  4:57  Probe  
  57  5:02  Probe  
  57  5:05  Adept  
  57  5:06  Adept  
  62  5:09  Pylon  
  62  5:11  Probe  
  63  5:17  Assimilator  
  63  5:18  Observer (Chrono Boost)  
  63  5:19  Assimilator  
  64  5:21  Probe  
  64  5:24  Probe  
  66  5:29  Stalker  
  66  5:30  Shield Battery  
  66  5:32  Pylon  
  66  5:33  Stalker  
  66  5:34  Probe  
  71  5:39  Probe  
  68  5:55  Probe  
  68  5:57  Immortal (Chrono Boost), Stalker x2  
  69  5:58  Probe  
  66  6:07  Probe  
  65  6:15  Probe  
  65  6:17  Nexus  
  65  6:18  Observer  
  62  6:19  Twilight Council  
  62  6:20  Forge  
  62  6:22  Pylon  
  62  6:26  Immortal (Chrono Boost)  
  66  6:33  Probe x2  
  66  6:35  Sentry x2  
  72  6:42  Protoss Ground Weapons Level 1 (Chrono Boost)  
  72  6:45  Probe x2  
  74  6:53  Charge (Chrono Boost)  
  74  6:55  Warp Prism (Chrono Boost)  
  74  7:00  Gateway  
  76  7:02  Gateway  
  76  7:16  Gateway  
  76  7:18  Gateway  
  76  7:20  Templar Archives  
  76  7:28  Shield Battery  
  76  7:33  Zealot x2  
  76  7:37  Immortal  
  84  7:39  Probe x2  
  84  7:40  Probe  
  87  7:51  Probe  
  88  7:52  Probe  
  88  7:57  Zealot x2, High Templar x2  
  97  7:59  Pylon  
  97  8:02  Archon  
  97  8:06  Nexus  
  97  8:14  Zealot  
  97  8:15  Zealot  
  97  8:17  Gateway  
  100  8:20  Gateway  
  100  8:24  High Templar x2  
  104  8:28  Archon  
  104  8:34  Zealot x2  
  108  8:35  Pylon  
  108  8:36  Pylon x2  
  108  8:45  Robotics Facility, Robotics Bay  
  100  8:56  Zealot x4  
  100  9:02  Zealot x2  
  84  9:17  Zealot x4  
  84  9:21  Probe x3  
  91  9:31  Probe  
  92  9:32  High Templar  
  92  9:33  Probe, High Templar  
  92  9:34  Zealot x2  
  92  9:37  Archon  
  101  9:39  Zealot x2, High Templar x2  
  101  9:43  Archon  
  109  9:45  Probe  
  109  9:46  Probe x2  
  109  9:47  Probe  
  110  9:54  Pylon  
  110  9:58  Probe x2  
  112  10:01  Zealot x6  
  114  10:12  Zealot x2  
  108  10:20  Probe x2  
  102  10:21  Zealot x6  
  102  10:25  Shield Battery  
Tags
 
Add a new tag
Caveats
  • Supply blocks, unpowered buildings, or Contaminate may cause inaccurate times.
  • Supply counts are checked every 10 seconds.